 Dungeon Crawl Stone Soup version 0.30-b1-2-g02819fbbbe (webtiles) character file.

Game seed: 10991176308138128291

648 Arcadio the Ducker (level 7, -8/57 HPs)
             Began as a Merfolk Artificer on May 14, 2023.
             Was a Follower of Nemelex Xobeh.
             Mangled by a wight
             ... wielding a +3 great sword of freezing
              (23 damage)
             ... on level 5 of the Dungeon.
             The game lasted 00:09:53 (4200 turns).

Arcadio the Ducker (Merfolk Artificer)              Turns: 4200, Time: 00:09:53

Health: -8/57      AC:  6    Str: 14    XL:     7   Next: 53%
Magic:  7/7        EV: 15    Int: 13    God:    Nemelex Xobeh [*.....]
Gold:   169        SH:  0    Dex: 15    Spells: 6/6 levels left

rFire   . . .        F - +1 whip (vamp)
rCold   . . .        (no shield)
rNeg    + . .        s - +2 leather armour of Wasted Space {Regen+ Int+3}
rPois   .            (no helmet)
rElec   .            l - +0 cloak
rCorr   .            (no gloves)
SInv    .            (no boots)
Will    .....        A - amulet of faith
Stlth   ++           j - +4 ring of slaying
HPRegen 1.09/turn    x - ring of positive energy
MPRegen 0.10/turn

%: faith
@: no status effects
A: (nimble swimmer 2), mertail
a: Renounce Religion, Draw Escape, Draw Destruction, Draw Summoning


You were on level 5 of the Dungeon.
You worshipped Nemelex Xobeh.
Nemelex Xobeh was aware of your devotion.
You visited 2 branches of the dungeon, and saw 7 of its levels.

You collected 234 gold pieces.
You spent 65 gold pieces at shops.

Inventory:

Hand Weapons
 a - a +0 club
 g - a +0 short sword
 m - a +0 rapier
 q - a +0 dagger of venom
 B - a +0 arbalest
 F - a +1 vampiric whip (weapon)
Armour
 b - a +0 leather armour
 l - a +0 cloak (worn)
 s - the +2 leather armour of Wasted Space (worn) {Regen+ Int+3}
   (You found it on level 2 of the Dungeon)

   Int:       It affects your intelligence (+3).
   Regen:     It increases your rate of health regeneration.
Jewellery
 j - a +4 ring of slaying (left hand)
 x - a ring of positive energy (right hand)
 A - an amulet of faith (around neck)
 E - a ring of positive energy
Wands
 c - a wand of flame (48) (quivered)
 d - a wand of charming (15)
 e - a wand of iceblast (5)
Scrolls
 h - 2 scrolls of fear {unknown}
 o - 2 scrolls of amnesia {unknown}
 r - a scroll of magic mapping {unknown}
 t - a scroll of enchant weapon {unknown}
 u - a scroll of blinking {unknown}
 v - 3 scrolls of teleportation {unknown}
 w - 2 scrolls of immolation {unknown}
 y - a scroll of enchant armour {unknown}
 z - a scroll of poison {unknown}
 D - a scroll of torment {unknown}
 G - a scroll of noise {unknown}
Potions
 f - a potion of invisibility
 i - a potion of haste
 k - a potion of heal wounds {unknown}
 n - 2 potions of might
 p - 6 potions of curing
 C - a potion of degeneration {unknown}


   Skills:
 + Level 5.8 Fighting
 - Level 0.6 Armour
 + Level 7.5 Dodging
 - Level 1.1 Stealth
 - Level 3.8 Evocations


You had 6 spell levels left.
You didn't know any spells.
Your spell library contained the following spells:

 Spells                   Type           Power      Damage    Failure   Level
 Hailstorm                Conj/Ice       0%         3d3       75%         3
 Ice Form                 Ice/Tmut       0%         N/A       98%         4
 Simulacrum               Ice/Necr       0%         N/A       100%        6


Dungeon Overview and Level Annotations

Branches:
Dungeon (6/15) Zot: 26822  Temple (1/1) D:5 Zot: 5909

Altars:
Cheibriados
Dithmenos
Fedhas
Gozag
Hepliaklqana
Kikubaaqudgha
Nemelex Xobeh
Okawaru
Qazlal
Ru
Sif Muna
Trog
Uskayaw
Wu Jian
Xom
Yredelemnul
Zin
The Shining One

Shops:
D:1 *   D:3 (   D:4 *

Annotations:
D:2 Sigmund
D:6 Dowan, Duvessa


Innate Abilities, Weirdness & Mutations

((You are very nimble when in or above water. (Stealth+, EV+, Speed+++)))
Your lower body shifts to a powerful aquatic tail in water.


Message History

Duvessa hits you with a +0 rapier. Duvessa hits you with a +0 rapier!
Duvessa attacks as you move away! Duvessa hits you with a +0 rapier.
Duvessa attacks as you move away! Duvessa closely misses you.
Dowan gestures wildly while chanting.
Dowan blinks!
Duvessa completely misses you.
There is a stone staircase leading up here.
Duvessa barely misses you. x2
You climb upwards.
Reactivating autopickup.
There is a stone staircase leading down, spattered with blood here.
You start resting.
HP restored.
There is a stone staircase leading down, spattered with blood here.
You climb downwards.
Level annotation: Dowan, Duvessa The wight closely misses you.
Duvessa closely misses you.
There is a stone staircase leading up here.
Duvessa hits you with a +0 rapier.
The wight hits you with a +3 great sword of freezing!
The wight freezes you.
The orc wizard gestures wildly while chanting.
The orc wizard flickers and vanishes!
Deactivating autopickup; reactivate with Ctrl-A.
You climb upwards.
Reactivating autopickup.
There is a stone staircase leading down, spattered with blood here.
The wight attacks as you move away!
The wight hits you with a +3 great sword of freezing!
The wight freezes you.
You hit the wight.
The wight is moderately damaged.
The wight hits you with a +3 great sword of freezing!
The wight freezes you.
* * * LOW HITPOINT WARNING * * *
Okay, then.
You feel better.
The wight hits you with a +3 great sword of freezing!!
You die...
Your body disappears without a glow.

##'## #.# ##...##
#.## #.....##
###..# .......##
##.##.#
........####...#.#
........'...<..)[#
........####...#>#
.......## ##.##z#
#.....## ####@#
##...## #.# ##+##
#.# #.# ####.# #.#
#....# ##.##
#.####
##...########.#
#..........##.#
##...#.###.##.#


You could see a wight.

Vanquished Creatures
  A centaur (D:5)
  A kobold brigand (D:5)
  A scorpion (D:4)
  A jelly (D:5)
  A hound (D:4)
  An orc priest (D:5)
  An iguana (D:4)
  4 orc wizards
  8 adders
  2 white imps (D:5)
  An ufetubus (D:5)
  A dart slug (D:3)
  19 orcs
  14 ball pythons
  10 bats
  4 endoplasms
  3 giant cockroaches
  6 goblins
  6 hobgoblins
  2 jackals (D:3)
  4 quokkas
  8 frilled lizards
  9 kobolds
  6 rats
114 creatures vanquished.

Vanquished Creatures (others)
  An orc wizard (D:5)
  2 fungi (D:2)
  2 plants (D:2)
5 creatures vanquished.

Grand Total: 119 creatures vanquished

Notes
Turn   | Place    | Note
-------+----------+-------------------------------------------
     0 | D:1      | Arcadio the Merfolk Artificer began the quest for the Orb.
     0 | D:1      | Reached XP level 1. HP: 15/15 MP: 1/1
    76 | D:1      | Reached skill level 3 in Dodging
    89 | D:1      | Reached XP level 2. HP: 17/21 MP: 2/2
   376 | D:1      | Found Cawn's General Store.
   449 | D:1      | Reached XP level 3. HP: 27/27 MP: 3/3
  1162 | D:2      | Noticed Sigmund
  1282 | D:2      | Found a shimmering blue altar of Sif Muna.
  1326 | D:2      | Reached skill level 4 in Dodging
  1326 | D:2      | Reached XP level 4. HP: 24/34 MP: 4/4
  1617 | D:2      | Identified the +2 leather armour of Wasted Space {Regen+
                  | Int+3}
  1676 | D:2      | Found a faded altar of an unknown god.
  1787 | D:3      | Found Piluarepp's Weapon Shop.
  2149 | D:4      | Reached XP level 5. HP: 37/41 MP: 5/5
  2247 | D:4      | Reached skill level 5 in Dodging
  2269 | D:4      | Found Etikyon's General Store.
  2277 | D:4      | Bought a potion of curing for 39 gold pieces
  2277 | D:4      | Bought a scroll of identify for 26 gold pieces
  2589 | D:4      | Reached XP level 6. HP: 48/48 MP: 6/6
  2840 | D:4      | Reached skill level 6 in Dodging
  2974 | D:5      | Entered Level 5 of the Dungeon
  3070 | D:5      | Reached skill level 5 in Fighting
  3076 | D:5      | Reached XP level 7. HP: 49/56 MP: 7/7
  3170 | D:5      | Found a staircase to the Ecumenical Temple.
  3179 | Temple   | Entered the Ecumenical Temple
  3259 | Temple   | Became a worshipper of Nemelex Xobeh the Trickster
  3516 | D:5      | Reached skill level 7 in Dodging
  3871 | D:5      | Found a snail-covered altar of Cheibriados.
  3918 | D:5      | Found a hazy altar of Hepliaklqana.
  4031 | D:6      | Reached * piety under Nemelex Xobeh
  4147 | D:6      | Noticed Duvessa
  4149 | D:6      | Noticed Dowan
  4200 | D:5      | Mangled by a wight

Illustrated notes

Levels and vault maps discovered:
D:1:      sevenhm_arrival_forest_fort_large_4, layout_loops_cross, serial_shops,
          shop
D:2:      layout_loops_ring, basic_altar,
          shapermc_ecumenical_altar_mp_ritualfount, dreamdust_princess_corridor,
          columned_hall_lemuel, uniq_sigmund
D:3:      layout_rooms, serial_shops, nicolae_shop_tiny_glass
D:4:      layout_loops_ring, serial_shops, shop, amcnicky_mini_corridor_feature
D:5:      layout_loops_corners, worldfamousw_hep_ancestral_shrine,
          overflow_temple_1_default, minmay_temple_entry_crystal_x
D:6:      layout_layer_cave, gammafunk_ghost_arena, uniq_duvessa, uniq_pikel
Temple:   nicolae_temple_x_marks_the_god

Skill      XL: |  1  2  3  4  5  6  7 |
---------------+----------------------+-----
Dodging        | 3 4 5 6 7 |  7.5
Fighting       | 2 3 4 5 |  5.8
Armour         | |  0.6
Stealth        | |  1.1
Evocations     | |  3.8

Action                     |  1- 3 |  4- 6 |  7- 9 || total
---------------------------+-------+-------+-------++-------
  Melee: Club              |    15 |       |       ||    15
         Short sword       |   107 |       |       ||   107
         Punch             |     1 |     3 |     1 ||     5
         Rapier            |     7 |   213 |    15 ||   235
         Whip              |       |       |    36 ||    36
    Use: Scroll            |       |     4 |       ||     4
         Potion            |       |       |     1 ||     1
   Stab: Sleeping          |     2 |     1 |       ||     3
 Armour: Leather armour    |    42 |    67 |    13 ||   122
  Dodge: Dodged            |    93 |   159 |    47 ||   299
